 Dungeon Crawl Stone Soup version 0.27.0-1-g7a089689b8 (webtiles) character file.

Game seed: 4007857208012175253

98 ZombieSheep the Sneak (level 4, 0/28 HPs)
             Began as an Octopode Enchanter on Aug 3, 2021.
             Slain by a steam dragon (3 damage)
             ... on level 3 of the Dungeon.
             The game lasted 00:04:30 (2915 turns).

ZombieSheep the Sneak (Octopode Enchanter)          Turns: 2915, Time: 00:04:31

Health: 0/28       AC:  1    Str:  7    XL:     4   Next: 69%
Magic:  4/7        EV: 13    Int: 24    God:
Gold:   81         SH:  0    Dex: 12    Spells: 4/8 levels left

rFire    . . .     SeeInvis .   a - +1 dagger (freeze)
rCold    . . .     Faith    .   (no shield)
rNeg     . . .     Spirit   .   (helmet restricted)
rPois    .         Reflect  .   (no amulet)
rElec    .         Harm     .   g - +6 ring of intelligence
rCorr    .         Rampage  .   (no ring)
Will     .....                  (no ring)
Stlth    ++++......             (no ring)
HPRegen  0.09/turn              (no ring)
MPRegen  0.10/turn              (no ring)
                                (no ring)
                                (no ring)

@: no status effects
A: almost no armour, amphibious, 8 rings, camouflage 1, gelatinous body 1,
(nimble swimmer 1), tentacles
a: no special abilities


You were on level 3 of the Dungeon.
You visited 1 branch of the dungeon, and saw 3 of its levels.

You collected 81 gold pieces.

Inventory:

Hand Weapons
 a - a +1 dagger of freezing (weapon)
 b - a +4 short sword
Jewellery
 g - a +6 ring of intelligence (left tentacle)
Scrolls
 e - a scroll of acquirement {unknown}
 i - a scroll of magic mapping
Potions
 c - a potion of mutation {unknown}
 d - 2 potions of lignification
 f - a potion of flight {unknown}
 h - a potion of curing {unknown}


   Skills:
 + Level 1.5 Fighting
 + Level 2.1 Short Blades
 - Level 2.3 Dodging
 - Level 4.3 Stealth
 + Level 2.6 Spellcasting
 + Level 1.0 Conjurations
 + Level 3.2 Hexes


You had 4 spell levels left.
You knew the following spells:

 Your Spells              Type           Power      Damage    Failure   Level
a - Corona                Hex            20%        N/A       3%          1
b - Dazzling Flash        Conj/Hex       26%        N/A       14%         3

Your spell library contained the following spells:

 Spells                   Type           Power      Damage    Failure   Level
 Ensorcelled Hibernation  Hex/Ice        22%        N/A       9%          2
 Confusing Touch          Hex            18%        N/A       9%          3
 Tukima's Dance           Hex            18%        N/A       9%          3
 Sting                    Tmut/Pois      12%        1d3       12%         1
 Poisonous Vapours        Pois/Air       6%         N/A       17%         2
 Sublimation of Blood     Necr           1%         N/A       17%         2
 Wereblood                Tmut           3%         N/A       17%         2
 Olgreb's Toxic Radiance  Pois           3%         N/A       75%         4
 Summon Hydra             Summ           1%         N/A       100%        7


Dungeon Overview and Level Annotations

Branches:
Dungeon (3/15)

Altars:


Innate Abilities, Weirdness & Mutations

You cannot wear most types of armour.
You are amphibious.
You can wear up to eight rings at the same time.
Your skin changes colour to match your surroundings (Stealth+).
Your rubbery body absorbs attacks. (AC +1, EV +1)
((You are camouflaged near water. (Stealth+)))
You have tentacles for arms and can constrict up to eight enemies at once.


Message History

You hit the worm. You freeze the worm.
The worm is lightly wounded.
You constrict the worm. The worm bites you.
You hit the worm but do no damage. You squeeze the worm!
The worm is severely wounded.
You constrict the worm. You hit the worm. You freeze the worm.
You kill the worm!
No target in view!
No target in view!
HP restored.
Found a stone staircase leading down.
There is a stone staircase leading down here.
A goblin comes into view. It is wielding a +0 dagger.
Found a viscous sapphire potion.
The helpless goblin fails to defend itself.
You impale the goblin!! You freeze the goblin.
You kill the goblin!
h - a viscous sapphire potion
i - a scroll of magic mapping
Found an escape hatch in the floor.
Found a stone staircase leading up.
A steam dragon comes into view.
The steam dragon hisses angrily.
You hit the steam dragon but do no damage.
You squeeze the steam dragon, but do no damage.
You hear an angry hiss.
The steam dragon breathes steam at you. The ball of steam hits you!
Ouch! That really hurt!
A frilled lizard comes into view.
Casting: Dazzling Flash (quite dangerous; 14% risk of failure)
Confirm with . or Enter, or press ? or * to list all spells.
The spell is quite dangerous to cast (14% risk of failure)!
Continue anyway?
You are engulfed in a cloud of scalding steam.
* * * LOW HITPOINT WARNING * * *
The steam dragon bites you.
* * * LOW HITPOINT WARNING * * *
The steam dragon claws you.
You die...

#. .. ..# #.
...##. # . ..#..
.# .. #... #.# >.
#..##Dl#
#.####<#@#
...##§##
#.####.##.##
#..........####
######.##P.......
#.P....#####
##......#
#P..P..P#
#♣...≈...#


You could see a steam dragon (catching breath) and a frilled lizard.

Vanquished Creatures
  Crazy Yiuf (D:2)
  A worm (D:3)
  3 dart slugs (D:1)
  An orc (D:2)
  5 bats
  3 endoplasms
  2 giant cockroaches
  7 goblins
  4 hobgoblins
  3 jackals (D:2)
  5 quokkas
  A ball python (D:1)
  5 frilled lizards
  6 kobolds
  10 rats
57 creatures vanquished.

Vanquished Creatures (others)
  A fungus (D:2)
1 creature vanquished.

Grand Total: 58 creatures vanquished

Notes
Turn   | Place    | Note
-------+----------+-------------------------------------------
     0 | D:1      | ZombieSheep the Octopode Enchanter began the quest for the
                  | Orb.
     0 | D:1      | Reached XP level 1. HP: 11/11 MP: 3/3
    12 | D:1      | You fall into a shaft and drop 1 floor!
   162 | D:1      | Reached XP level 2. HP: 18/18 MP: 5/5
   603 | D:1      | Reached XP level 3. HP: 22/22 MP: 6/6
   611 | D:1      | Learned a level 3 spell: Dazzling Flash
   636 | D:1      | Reached skill level 1 in Fighting
   767 | D:1      | Found a faded altar of an unknown god.
  2195 | D:2      | Reached XP level 4. HP: 26/28 MP: 7/7
  2307 | D:2      | Found a runed translucent door.
  2308 | D:2      | Noticed Crazy Yiuf
  2414 | D:2      | HP: 1/27 [Crazy Yiuf (9)]
  2418 | D:2      | Killed Crazy Yiuf
  2419 | D:2      | Reached skill level 1 in Conjurations
  2912 | D:3      | Noticed a steam dragon
  2915 | D:3      | Slain by a steam dragon

Illustrated notes

Levels and vault maps discovered:
D:1:      evilmike_arrival_rings, layout_loops_corners, basic_ecumenical_altar,
          serial_bayou_pond_b
D:2:      layout_loops_corners, uniq_crazy_yiuf_cottage
D:3:      layout_loops_ring, kennysheep_nub, minmay_misc_feat_nine_boxes,
          serial_bayou_pond_a

Skill      XL: |  1  2  3  4 |
---------------+-------------+-----
Fighting       | 1 |  1.5
Short Blades   | 2 |  2.1
Conjurations   | 1 |  1.0
Dodging        | |  2.3
Stealth        | |  4.3
Spellcasting   | |  2.6
Hexes          | |  3.2

Action                   |  1- 3 |  4- 6 || total
-------------------------+-------+-------++-------
Melee: Dagger            |   108 |    16 ||   124
       Constrict         |    20 |     5 ||    25
       Tentacles         |     9 |     5 ||    14
       Short sword       |       |     5 ||     5
 Cast: Dazzling Flash    |       |     2 ||     2
  Use: Scroll            |     4 |     1 ||     5
       Potion            |       |     1 ||     1
 Stab: Sleeping          |    19 |     5 ||    24
Armor: Skin              |    16 |     1 ||    17
Dodge: Dodged            |    60 |     7 ||    67
